 Dungeon Crawl Stone Soup version 0.30.0-29-ga12c61a403 (webtiles) character file.

Game seed: 16473203599710847388

99 qw the Chopper (level 4, -1/28 HPs)
             Began as a Gargoyle Fighter on June 5, 2023.
             Slain by Sigmund
             ... wielding a +7 scythe of pain
              (8 damage)
             ... on level 4 of the Dungeon.
             The game lasted 00:00:42 (977 turns).

qw the Chopper (Gargoyle Fighter)                    Turns: 977, Time: 00:00:43

Health: -1/28      AC: 11    Str: 21    XL:     4   Next: 72%
Magic:  4/4        EV:  9    Int:  9    God:
Gold:   110        SH:  4    Dex:  9    Spells: 3/3 levels left

rFire   . . .        Y - +0 war axe
rCold   . . .        c - +0 buckler
rNeg    + . .        b - +0 scale mail
rPois   inf          (no helmet)
rElec   +            g - +0 cloak
rCorr   .            (no gloves)
SInv    .            (no boots)
Will    .....        (no amulet) Stlth
                     (no ring)
HPRegen 0.24/turn    (no ring)
MPRegen 0.09/turn

%: no passive effects
@: no status effects
A: sickness immunity, AC +3, negative energy resistance 1, electricity
resistance, torment resistance 1, petrification resistance
a: no special abilities


You were on level 4 of the Dungeon.
You visited 1 branch of the dungeon, and saw 3 of its levels.

You collected 110 gold pieces.


Innate Abilities, Weirdness & Mutations

You are immune to sickness and miasma.
Your stone body is resilient. (AC +3)
You are immune to poison.
You resist negative energy. (rN+)
You are resistant to electric shocks. (rElec)
You are resistant to unholy torment.
You are immune to petrification.


   Skills:
 - Level 3.2 Fighting
 + Level 4.3 Axes
 - Level 3.2 Armour
 - Level 3.2 Shields


You had 3 spell levels left.
You didn't know any spells.
Your spell library was empty.

Inventory:

Hand Weapons
 e - a +0 whip
 Y - a +0 war axe (weapon)
Armour
 b - a +0 scale mail (worn)
 c - a +0 buckler (worn)
 g - a +0 cloak (worn)
Scrolls
 f - 3 scrolls of identify
 h - a scroll of teleportation
Potions
 d - a potion of might

Dungeon Overview and Level Annotations

Branches:
Dungeon (4/15)
 Temple: D:4-7

Altars:

Annotations:
D:4 Sigmund


Message History

You hit the hound.
The hound is moderately wounded.
Sigmund the Dreaded comes into view.
He is wielding a +7 scythe of pain.
The hound closely misses you. The hound bites you but does no damage.
Sigmund moves out of view.
You closely miss the hound.
The hound is moderately wounded.
The hound bites you but does no damage. The hound closely misses you.
You hit the hound.
The hound is heavily wounded.
The hound bites you.
Sigmund points at you and mumbles some strange words.
The puff of flame hits you.
You hit the hound.
The hound is severely wounded.
You block the hound's attack.
Sigmund drinks a potion.
Sigmund seems to speed up.
You block the hound's attack. Sigmund casts a spell at you.
The puff of flame misses you.
You hit the hound.
The hound is almost dead.
The hound bites you but does no damage. x2
Sigmund casts a spell at you. You resist with some effort.
You hit the hound.
You kill the hound!
Sigmund casts a spell.
Sigmund flickers and vanishes!
Deactivating autopickup; reactivate with Ctrl-A.
Your Axes skill increases to level 4!
You swing at nothing.
You swing at nothing.
Something completely misses you.
You swing at nothing.
Something hits you.
You swing at nothing.
Something hits you!
You writhe in agony.
You block something's attack.
You swing at nothing.
Something hits you!
You die...

. .## ....
##...#
######...~..
#...@..#....
#....~...~..
#..........#
#.....#.#...
#####.....¤.
#.~.¤¤.
....~¤
#.#.¤¤ ....#


There were no monsters in sight!

Vanquished Creatures
  2 hounds (D:4)
  2 worms (D:2)
  4 bats
  4 endoplasms
  A giant cockroach (D:2)
  4 goblins
  A hobgoblin (D:2)
  2 jackals (D:1)
  2 kobolds
  4 ball pythons
  3 frilled lizards (D:1)
  3 rats
32 creatures vanquished.

Notes
Turn   | Place    | Note
-------+----------+-------------------------------------------
     0 | D:1      | qw the Gargoyle Fighter began the quest for the Orb.
     0 | D:1      | Reached XP level 1. HP: 14/14 MP: 1/1
     0 | D:1      | 0 ||| qw: Version: 0.2-a-108-gee2c290
     0 | D:1      | 0 ||| qw: Game counter: 1368
     0 | D:1      | 0 ||| qw: Always use a shield: true
     0 | D:1      | 0 ||| qw: God list: Okawaru
     0 | D:1      | 0 ||| qw: Allow faded altars: false
     0 | D:1      | 0 ||| qw: Do Orc after D:15 true
     0 | D:1      | 0 ||| qw: Do second Lair branch before Depths: true
     0 | D:1      | 0 ||| qw: Lair rune preference: random
     0 | D:1      | 0 ||| qw: Plans: Normal, Zot:1-4, Slime:5, God:TSO, Crypt,
                  | Tomb, Abyss, Pan, Hells, Win
     0 | D:1      | 0 ||| PLANNING D:1-11
    61 | D:1      | Reached skill level 2 in Axes
   245 | D:1      | Reached XP level 2. HP: 19/19 MP: 2/2
   271 | D:1      | 271 ||| Stepping ~*~*~tactically~*~*~ (stealth).
   272 | D:1      | 272 ||| Stepping ~*~*~tactically~*~*~ (stealth).
   627 | D:1      | 627 ||| UPGRADING to +0 cloak.
   632 | D:1      | 632 ||| READING scroll labelled DEICUCK AGITA.
   633 | D:1      | 633 ||| READING scroll labelled ORHUYZU CAIL.
   690 | D:2      | Reached skill level 3 in Axes
   723 | D:2      | Reached XP level 3. HP: 23/23 MP: 3/3
   745 | D:2      | 745 ||| Stepping ~*~*~tactically~*~*~ (stealth).
   746 | D:2      | 746 ||| Stepping ~*~*~tactically~*~*~ (stealth).
   790 | D:2      | 790 ||| Stepping ~*~*~tactically~*~*~ (stealth).
   799 | D:2      | 799 ||| Stepping ~*~*~tactically~*~*~ (stealth).
   800 | D:2      | 800 ||| Stepping ~*~*~tactically~*~*~ (stealth).
   901 | D:2      | You fall into a shaft and drop 2 floors!
   934 | D:4      | Reached XP level 4. HP: 27/28 MP: 4/4
   942 | D:4      | 942 ||| READING scroll labelled QOIFUV LABU.
   943 | D:4      | 943 ||| READING 2 scrolls labelled ICESEN FANUNIN.
   946 | D:4      | 946 ||| Stepping randomly (stuck).
   947 | D:4      | 947 ||| Stepping randomly (stuck).
   948 | D:4      | 948 ||| Stepping randomly (stuck).
   949 | D:4      | 949 ||| Stepping randomly (stuck).
   950 | D:4      | 950 ||| Stepping randomly (stuck).
   951 | D:4      | 951 ||| Stepping randomly (stuck).
   952 | D:4      | 952 ||| Stepping randomly (stuck).
   953 | D:4      | 953 ||| Stepping randomly (stuck).
   954 | D:4      | 954 ||| Stepping randomly (stuck).
   955 | D:4      | 955 ||| Stepping randomly (stuck).
   956 | D:4      | 956 ||| Stepping randomly (stuck).
   957 | D:4      | 957 ||| Stepping randomly (stuck).
   958 | D:4      | 958 ||| Stepping randomly (stuck).
   959 | D:4      | 959 ||| Stepping randomly (stuck).
   960 | D:4      | 960 ||| Stepping randomly (stuck).
   961 | D:4      | 961 ||| Stepping randomly (stuck).
   962 | D:4      | 962 ||| Stepping randomly (stuck).
   967 | D:4      | Noticed Sigmund
   973 | D:4      | Reached skill level 4 in Axes
   976 | D:4      | HP: 7/28 [something (1)]
   977 | D:4      | Slain by Sigmund

Levels and vault maps discovered:
D:1:      wander_arrival_fairy_ring, layout_basic
D:2:      layout_basic, grunt_ministairs_6, minivault_27, hex_tiny
D:4:      layout_rooms, nicolae_kite_square_tiling_tiny, uniq_sigmund

Skill      XL: |  1  2  3  4 |
---------------+-------------+-----
Axes           | 2 3 4 |  4.3
Fighting       | |  3.2
Armour         | |  3.2
Shields        | |  3.2

Action                     |  1- 3 |  4- 6 || total
---------------------------+-------+-------++-------
  Melee: War axe           |    85 |     8 ||    93
    Use: Scroll            |     2 |     2 ||     4
 Armour: Scale mail        |    61 |     7 ||    68
  Dodge: Dodged            |    29 |     4 ||    33
  Block: Buckler           |    13 |     3 ||    16

Table legend:
 A = Non-vault XP
 B = Vault XP
 C = Vault XP percentage of total XP
 D = Non-vault monster count
 E = Vault monster count
 F = Vault count percentage of total count
                 A         B        C        D         E       F
            +---------+---------+-------+---------+---------+-------
      Total |     138 |       4 |   2.8 |      30 |       2 |   6.2
            +---------+---------+-------+---------+---------+-------
        D:1 |      26 |       0 |   0.0 |      17 |       0 |   0.0
        D:2 |      25 |       4 |  13.8 |      11 |       2 |  15.4
        D:4 |      87 |       0 |   0.0 |       2 |       0 |   0.0
            +---------+---------+-------+---------+---------+-------
